 Dungeon Crawl Stone Soup version 0.30-a0-965-g42e074c17a (webtiles) character file.

Game seed: 9978452812546533168

244 testman the Stinger (level 5, -2/35 HPs)
             Began as a Demonspawn Venom Mage on Mar 30, 2023.
             Was a Follower of Ru.
             Slain by Duvessa
             ... wielding a +0 rapier
              (7 damage)
             ... on level 4 of the Dungeon.
             The game lasted 00:16:51 (4273 turns).

testman the Stinger (Demonspawn Venom Mage)         Turns: 4273, Time: 00:16:52

Health: -2/35      AC:  7    Str: 14    XL:     5   Next: 83%
Magic:  8/8        EV: 12    Int: 20    God:    Ru [*.....]
Gold:   173        SH:  0    Dex: 14    Spells: 3/9 levels left

rFire   + . .      SeeInvis .    e - +0 dagger
rCold   . . .      Faith    .    (no shield)
rNeg    + . .      Spirit   .    o - +4 robe "Sejameakk" {Rampage rF+ Int+2}
rPois   .          Reflect  .    (no helmet)
rElec   .          Rampage  +    (no cloak)
rCorr   .                        (no gloves)
Will    .....                    r - +0 pair of boots
Stlth   ++                       (no amulet)
HPRegen 0.25/turn                d - +6 ring of strength
MPRegen 0.11/turn                i - ring of positive energy

@: no status effects
A: hooves 1, demonic guardian 1, unskilled 1
a: Renounce Religion


You were on level 4 of the Dungeon.
You worshipped Ru.
Ru was aware of your devotion.
You visited 1 branch of the dungeon, and saw 4 of its levels.

You collected 173 gold pieces.

Inventory:

Hand Weapons
 e - a +0 dagger (weapon)
Missiles
 l - 6 datura-tipped darts
 t - 5 atropa-tipped darts
Armour
 a - a +0 robe
 j - a +1 robe of positive energy
 o - the +4 robe "Sejameakk" (worn) {Rampage rF+ Int+2}
   (You found it on level 3 of the Dungeon)

   Int:       It affects your intelligence (+2).
   rF:        It protects you from fire.
   Rampage:   It bestows one free step when moving towards enemies.
 r - a +0 pair of boots (worn)
Jewellery
 d - a +6 ring of strength (left hand)
 i - a ring of positive energy (right hand)
Scrolls
 f - 2 scrolls of identify
 k - a scroll of vulnerability {unknown}
 n - a scroll of enchant armour {unknown}
 p - 2 scrolls of poison
 q - a scroll of immolation {unknown}
 s - a scroll of amnesia {unknown}
Potions
 b - a potion of magic
 c - 4 potions of heal wounds {unknown}
 m - a potion of degeneration {unknown}


   Skills:
 - Level 1.5 Dodging
 - Level 1.5 Stealth
 + Level 2.5 Spellcasting
 + Level 2.7 Conjurations
 - Level 0.2 Summonings
 + Level 0.9 Transmutations
 + Level 2.6 Air Magic
 + Level 3.4 Poison Magic


You had 3 spell levels left.
You knew the following spells:

 Your Spells              Type           Power      Damage    Failure   Level
a - Sting                 Tmut/Pois      44%        1d5       6%          1
b - Poisonous Vapours     Pois/Air       28%        N/A       6%          2
c - Mephitic Cloud        Conj/Pois/Air  14%        N/A       14%         3

Your spell library contained the following spells:

 Spells                   Type           Power      Damage    Failure   Level
 Vhi's Electric Charge    Tloc/Air       14%        N/A       26%         3
 Olgreb's Toxic Radiance  Pois           16%        N/A       36%         4
 Arcjolt                  Conj/Air       6%         1d16      80%         5
 Maxwell's Capacitive Co  Air            6%         ∞         100%        8


Dungeon Overview and Level Annotations

Branches:
Dungeon (4/15)
 Temple: D:4-7

Altars:
Okawaru
Qazlal
Ru
Xom

Shops:
D:2 *

Annotations:
D:4 Dowan, Duvessa


Innate Abilities, Weirdness & Mutations

You have large cloven feet.
A weak demonic guardian rushes to your aid.
You are somewhat unskilled. (-1 Apt)


Message History

Confirm with . or Enter, or press ? or * to list all spells.
The spell is quite dangerous to miscast (14% risk of failure)!
Continue anyway?
Aiming: Mephitic Cloud (quite dangerous; 14% risk of failure)
Press: ? - help, Shift-Dir - straight line, p - Duvessa The ball explodes into a vile cloud!
The stinking cloud engulfs Duvessa but does no damage.
Duvessa is moderately wounded.
The stinking cloud engulfs Dowan but does no damage.
Dowan is moderately wounded.
Dowan looks more healthy.
Duvessa completely misses you. Dowan gestures at you while chanting.
The puff of frost hits you!
Okay, then.
Magic courses through your body. Duvessa hits you with a +0 rapier!
* * * LOW HITPOINT WARNING * * *
Duvessa closely misses you.
Okay, then.
Okay, then.
As you read the scroll labelled KUKIURU MEESOE, it crumbles to dust.
It is a scroll of identify.
p - 2 scrolls of poison Duvessa hits you with a +0 rapier.
* * * LOW HITPOINT WARNING * * *
A demonic guardian appears!
The ogre is engulfed in noxious fumes.
The ogre appears confused.
Dowan says, "There's a certain beauty in death, don't you think?"
Dowan hits you but does no damage.
As you read the scroll labelled OSODU NIXTIMY, it crumbles to dust.
You hear a loud clanging noise!
It was a scroll of noise.
Duvessa barely misses you.
Your quasit closely misses Dowan.
Your quasit claws Dowan.
Your quasit completely misses Dowan.
Duvessa is stunned by your conviction and fails to attack.
Dowan hits you but does no damage.
As you read the scroll labelled OSTRODWU TOASOA, it crumbles to dust.
You feel aware of your surroundings.
You sensed 1 altar.
It was a scroll of magic mapping.
Your quasit barely misses Dowan.
Your quasit misses Dowan.
Your quasit barely misses Dowan.
Duvessa hits you with a +0 rapier!
You die...

..............................###
#...#..........................##
...##............................
..###......................#.....
.###............O.........*##...#
.##......................#* ##..*
.#...............°......#* #.#*
#...##..........ee○..#*,,* #.*
...###..........@.5###**,** #.*
(.###.............## **,* *,*
.#.###.....#.....## ******,* ...#
#...######.## *,,,* #### #.###
### ***** ###


You could see Duvessa (fast, very poisoned), an ogre (confused), Dowan (ally
target) and a friendly quasit (summoned).

Vanquished Creatures
  A scorpion (D:4)
  4 adders
  2 worms
  5 orcs
  8 ball pythons
  3 bats
  6 endoplasms
  4 giant cockroaches
  7 goblins
  11 hobgoblins
  4 jackals
  3 kobolds
  5 quokkas
  A frilled lizard (D:1)
  4 rats (D:1)
68 creatures vanquished.

Vanquished Creatures (collateral kills)
  A hound (D:4)
  An iguana (D:4)
  A jackal (D:3)
  A kobold (D:2)
  A quokka (D:3)
  A ball python (D:3)
6 creatures vanquished.

Vanquished Creatures (others)
  3 plants (D:1)
3 creatures vanquished.

Grand Total: 77 creatures vanquished

Notes
Turn   | Place    | Note
-------+----------+-------------------------------------------
     0 | D:1      | testman the Demonspawn Venom Mage began the quest for the
                  | Orb.
     0 | D:1      | Reached XP level 1. HP: 13/13 MP: 3/3
   112 | D:1      | Reached skill level 1 in Transmutations
   220 | D:1      | Reached skill level 1 in Air Magic
   242 | D:1      | Gained mutation: A weak demonic guardian rushes to your
                  | aid. [demonic ancestry]
   242 | D:1      | Reached XP level 2. HP: 16/19 MP: 1/5
   245 | D:1      | Learned a level 2 spell: Poisonous Vapours
   820 | D:1      | Gained mutation: You have large cloven feet. [demonic
                  | ancestry]
   820 | D:1      | Reached XP level 3. HP: 24/24 MP: 0/6
  1747 | D:2      | Learned a level 3 spell: Mephitic Cloud
  1840 | D:2      | Found Noyxzunus's Assorted Antiques.
  1859 | D:2      | You fall into a shaft and drop 1 floor!
  1941 | D:3      | Reached skill level 1 in Conjurations
  1941 | D:3      | Reached XP level 4. HP: 26/30 MP: 0/7
  2070 | D:3      | Identified the +4 robe "Sejameakk" {Rampage rF+ Int+2}
  2104 | D:3      | Found a sacrificial altar of Ru.
  2131 | D:3      | Became a worshipper of Ru the Awakened
  2315 | D:3      | Found a faded altar of an unknown god.
  2442 | D:3      | Found an iron altar of Okawaru.
  3196 | D:4      | Noticed a scorpion
  3201 | D:4      | Killed a scorpion
  3202 | D:4      | Reached XP level 5. HP: 35/35 MP: 1/8
  3383 | D:4      | Found a stormy altar of Qazlal.
  3383 | D:4      | Found a shimmering altar of Xom.
  3766 | D:4      | Gained mutation: You are somewhat unskilled. (-1 Apt) [Ru
                  | sacrifice]
  3766 | D:4      | Reached * piety under Ru
  4259 | D:4      | Noticed Duvessa
  4259 | D:4      | Noticed Dowan
  4265 | D:4      | Noticed an ogre
  4273 | D:4      | Slain by Duvessa

Illustrated notes

Levels and vault maps discovered:
D:1:      elethiomel_arrival_maze, layout_basic, serial_forest,
          infiniplex_forest_lined_1, infiniplex_forest_end_3,
          infiniplex_forest_straight_5, infiniplex_forest_end_3,
          infiniplex_forest_clump_curved
D:2:      layout_basic, serial_shops, shop, chequers_serial_rivers_micro_b,
          chequers_serial_rivers_micro_c
D:3:      layout_rooms, mainiacjoe_overflow_chevrons,
          mainiacjoe_overflow_concentric_impassable,
          mainiacjoe_overflow_tiny_flanked,
          hellmonk_ecumenical_altar_heavens_door
D:4:      layout_layer_cave, lemuel_tele_altar, nicolae_overflow_two_pavilions,
          hangedman_abyss_or_decor_passed, minmay_misc_feat_room, uniq_duvessa

Skill      XL: |  1  2  3  4  5 |
---------------+----------------+-----
Transmutations | 1 0 |  0.9
Air Magic      | 1 2 3 2 |  2.6
Conjurations   | 1 3 2 |  2.7
Dodging        | |  1.5
Stealth        | |  1.5
Spellcasting   | |  2.5
Summonings     | |  0.2
Poison Magic   | |  3.4

Action                     |  1- 3 |  4- 6 || total
---------------------------+-------+-------++-------
  Melee: Dagger            |    48 |    86 ||   134
         Unarmed           |     4 |       ||     4
         Punch             |     1 |     1 ||     2
         Kick              |     3 |     6 ||     9
   Cast: Sting             |    37 |    30 ||    67
         Poisonous Vapours |    12 |    23 ||    35
         Mephitic Cloud    |       |     2 ||     2
 Invoke: Sacrifice Skill   |       |     1 ||     1
    Use: Scroll            |       |     3 ||     3
         Potion            |       |     1 ||     1
   Stab: Sleeping          |     5 |     3 ||     8
         Confused          |       |     1 ||     1
 Armour: Robe              |    15 |    29 ||    44
  Dodge: Dodged            |    39 |    65 ||   104

Table legend: (Time is in decaauts)
 A = Elapsed time spent in this place.
 B = Non-inter-level travel time spent in this place.
 C = Inter-level travel time spent in this place.
 D = Time resting spent in this place.
 E = Time spent auto-exploring this place.
 F = Levels seen in this place.
 G = Mean time per level.
                   A        B        C        D        E       F      G
               +--------+--------+--------+--------+--------+-----+--------+
         Total |   4270 |   4192 |     78 |    105 |   3371 |   4 | 1067.5 |
       Dungeon |   4270 |   4192 |     78 |    105 |   3371 |   4 | 1067.5 |
               +--------+--------+--------+--------+--------+-----+--------+

Top non-repeatable levels by time:
     D:1: 1512 daAuts
     D:4: 1084 daAuts
     D:2: 859 daAuts
     D:3: 814 daAuts
